 Dungeon Crawl Stone Soup version 0.29-a0-297-g7659ce593d (webtiles) character file.

Game seed: 2652056788520186716

63 kae the Firebug (level 4, -3/33 HPs)
             Began as a Tengu Fire Elementalist on Mar 20, 2022.
             Slain by an orc priest
             ... wielding a +0 mace
              (5 damage)
             ... on level 2 of the Dungeon.
             The game lasted 00:01:07 (2110 turns).

kae the Firebug (Tengu Fire Elementalist)           Turns: 2110, Time: 00:01:08

Health: -3/33      AC: 22    Str:  8    XL:     4   Next: 9%
Magic:  8/8        EV:  2    Int: 18    God:
Gold:   138        SH:  0    Dex: 14    Spells: 1/7 levels left

rFire   . . .      SeeInvis .   d - +1 dagger
rCold   . . .      Faith    .   (no shield)
rNeg    . . .      Spirit   .   (body armour currently unavailable)
rPois   +          Reflect  .   (helmet currently unavailable)
rElec   .          Harm     .   (cloak currently unavailable)
rCorr   .          Rampage  .   (gloves currently unavailable)
Will    .....      NoTele   +   (boots unavailable)
Stlth   ++........              (no amulet)
HPRegen 0.11/turn               (no ring)
MPRegen 0.11/turn               (no ring)

@: mighty, tree-form, attractive
A: stationary, stasis, torment immunity, boosted hp, (beak), (talons 3), frail
1, mutation resistance 1
a: no special abilities


You were on level 2 of the Dungeon.
You were a tree.
You visited 1 branch of the dungeon, and saw 2 of its levels.

You collected 138 gold pieces.

Inventory:

Hand Weapons
 d - a +1 dagger (weapon)
Armour
 a - a +0 robe (melded)
Potions
 b - a potion of magic
 c - 2 potions of cancellation
 e - a potion of lignification
 g - a potion of attraction
 h - a potion of mutation


   Skills:
 + Level 1.3 Fighting
 - Level 2.1 Dodging
 - Level 2.0 Stealth
 + Level 2.4 Spellcasting
 + Level 2.5 Conjurations
 * Level 4.2 Fire Magic


You had one spell level left.
You knew the following spells:

 Your Spells              Type           Power      Damage    Failure   Level
a - Foxfire               Conj/Fire      56%        2x1d6     4%          1
b - Scorch                Fire           34%        2d6       4%          2
c - Conjure Flame         Conj/Fire      14%        6-21      13%         3

Your spell library contained the following spells:

 Spells                   Type           Power      Damage    Failure   Level
 Freeze                   Ice            8%         1d3       17%         1
 Inner Flame              Hex/Fire       9%         N/A       22%         3
 Flame Wave               Conj/Fire      14%        2d6       38%         4
 Frozen Ramparts          Ice            4%         1d2       45%         3
 Hailstorm                Conj/Ice       6%         3d4       71%         4


Dungeon Overview and Level Annotations

Branches:
Dungeon (2/15)

Altars:


Innate Abilities, Weirdness & Mutations

You are a tree.
Your roots penetrate the ground, keeping you stationary.
You cannot be teleported.
You are immune to unholy pain and torment.
Your maximum health is greatly increased.
Your equipment is partially melded.
((You have a beak for a mouth.))
((You have claws for feet.))
You are frail. (-10% HP)
You are somewhat resistant to further mutation.


Message History

You hit the orc.
You kill the orc!
The orc priest mumbles some strange prayers to Beogh against you.
Beogh smites you!
You hear a shout!
You are too injured to fight recklessly!
You are too injured to fight recklessly!
You are too injured to fight recklessly!
Your foxfire dissipates!
An orc comes into view. It is wielding a +0 flail.
The orc moves out of view.
As you read the scroll labelled QOQUCWY KEUXU, it crumbles to dust.
It is a scroll of enchant weapon.
Your +0 dagger glows red for a moment.
The endoplasm freezes you.
You are frozen.
* * * LOW HITPOINT WARNING * * *
It was a potion of cancellation.
You feel magically purged. The endoplasm freezes you.
You are frozen.
* * * LOW HITPOINT WARNING * * *
It was a potion of lignification.
You turn into a tree.
Your +0 robe melds into your body.
Your roots penetrate the ground.
The endoplasm hits you but does no damage.
It was a potion of might.
You feel very mighty all of a sudden.
The endoplasm hits you but does no damage.
It was a potion of attraction.
You feel attractive to monsters. The orc hits you but does no damage.
The endoplasm hits you.
* * * LOW HITPOINT WARNING * * *
It was a potion of mutation.
You feel extremely strange.
You feel frail.
You feel genetically stable. The endoplasm barely misses you.
You hit the endoplasm.
The endoplasm is severely wounded.
The orc hits you but does no damage.
An orc wizard comes into view. It is wielding a +0 dagger.
The endoplasm barely misses you. The orc priest hits you with a +0 mace.
You die...

.####.#.#.......#.###.#.#......#.
...##.#.######..##....#....######
##.##.#.. #.###.#######.# ##.
#....# #.....### #...# #(.
####### ######...# #.######.. ..
o.# #.#.###.......#. .# #)#
#.#.#...#.#...#. .#
#o###.....#>#...##.. .#
###.#.J♣....#.....####.. .#
.......oo##..#.#.......#. <#
.###..##.##..........#### ## ##.
#.##.####.###.#..# .. #.##.#
#......#..# ###
#.....##..#####...
#######........... #...####.#..
#...# #.#.#


You could see an orc priest, an orc wizard, an orc and an endoplasm.

Vanquished Creatures
  An adder (D:2)
  4 worms (D:2)
  A dart slug (D:1)
  An orc (D:2)
  3 endoplasms (D:1)
  A giant cockroach (D:1)
  5 goblins
  3 hobgoblins
  A quokka (D:1)
  7 ball pythons
  4 bats (D:1)
  A frilled lizard (D:1)
  5 kobolds
  2 rats
39 creatures vanquished.

Vanquished Creatures (others)
  152 foxfires
152 creatures vanquished.

Grand Total: 191 creatures vanquished

Notes
Turn   | Place    | Note
-------+----------+-------------------------------------------
     0 | D:1      | kae the Tengu Fire Elementalist began the quest for the
                  | Orb.
     0 | D:1      | Reached XP level 1. HP: 10/10 MP: 4/4
    17 | D:1      | Found a faded altar of an unknown god.
   141 | D:1      | Reached XP level 2. HP: 13/16 MP: 1/6
   895 | D:1      | Reached XP level 3. HP: 20/20 MP: 5/7
   898 | D:1      | Learned a level 2 spell: Scorch
   902 | D:1      | Learned a level 3 spell: Conjure Flame
  1410 | D:2      | Reached skill level 1 in Fighting
  1556 | D:2      | Reached skill level 4 in Fire Magic
  1840 | D:2      | Reached XP level 4. HP: 18/25 MP: 3/8
  2105 | D:2      | HP: 1/25 [frozen (5)]
  2109 | D:2      | Gained mutation: You are frail. (-10% HP) [potion of
                  | mutation]
  2109 | D:2      | Gained mutation: You are somewhat resistant to further
                  | mutation. [potion of mutation]
  2110 | D:2      | Slain by an orc priest

Illustrated notes

Levels and vault maps discovered:
D:1:      dpeg_arrival_connections, layout_basic,
          hellmonk_ecumenical_altar_crossroads
D:2:      layout_basic, st_stairs_5, nicolae_wormholes

Skill      XL: |  1  2  3 |
---------------+----------+-----
Conjurations   | 2 |  2.5
Fighting       | 1 |  1.3
Fire Magic     | 4 |  4.2
Dodging        | |  2.1
Stealth        | |  2.0
Spellcasting   | |  2.4

Action                   |  1- 3 |  4- 6 || total
-------------------------+-------+-------++-------
Melee: Dagger            |     7 |     4 ||    11
       Kick              |     3 |     1 ||     4
       Unarmed           |     1 |       ||     1
       Peck              |     2 |     1 ||     3
 Cast: Foxfire           |    89 |     1 ||    90
  Use: Potion            |       |     5 ||     5
       Scroll            |       |     1 ||     1
Armor: Robe              |     9 |       ||     9
       Skin              |       |     4 ||     4
Dodge: Dodged            |    19 |     6 ||    25

Table legend: (Time is in decaauts)
 A = Elapsed time spent in this place.
 B = Non-inter-level travel time spent in this place.
 C = Inter-level travel time spent in this place.
 D = Time resting spent in this place.
 E = Time spent auto-exploring this place.
 F = Levels seen in this place.
 G = Mean time per level.
                   A        B        C        D        E       F      G
               +--------+--------+--------+--------+--------+-----+--------+
         Total |   2109 |   2073 |     36 |      0 |   1774 |   2 | 1054.5 |
       Dungeon |   2109 |   2073 |     36 |      0 |   1774 |   2 | 1054.5 |
               +--------+--------+--------+--------+--------+-----+--------+

Top non-repeatable levels by time:
     D:1: 1145 daAuts
     D:2: 963 daAuts
